 Dungeon Crawl Stone Soup version 0.31-a0-236-g9a0961fb85 (webtiles) character file.

Game seed: 17243710347711832532

297 qw the Shooter (level 6, -1/37 HPs)
             Began as a Gargoyle Hexslinger on July 10, 2023.
             Killed from afar by an orc wizard (11 damage)
             ... with a puff of flame
             ... on level 3 of the Dungeon.
             The game lasted 00:00:53 (1729 turns).

qw the Shooter (Gargoyle Hexslinger)                Turns: 1729, Time: 00:00:53

Health: -1/37      AC:  7    Str: 12    XL:     6   Next: 35%
Magic:  7/7        EV: 11    Int: 13    God:
Gold:   20         SH:  0    Dex: 14    Spells: 6/7 levels left

rFire   . . .        Y - +1 sling
rCold   . . .        (no shield)
rNeg    + . .        f - +0 leather armour
rPois   inf          (no helmet)
rElec   +            (no cloak)
rCorr   .            (no gloves)
SInv    .            (no boots)
Will    .....        (no amulet)
Stlth   +            (no ring)
HPRegen 0.26/turn    (no ring)
MPRegen 0.10/turn

%: no passive effects
@: no status effects
A: sickness immunity, AC +4, negative energy resistance 1, electricity
resistance, torment resistance 1, petrification resistance
a: no special abilities


You were on level 3 of the Dungeon.
You visited 1 branch of the dungeon, and saw 3 of its levels.

You collected 78 gold pieces.
You spent 58 gold pieces at shops.


Innate Abilities, Weirdness & Mutations

You are immune to sickness and miasma.
Your stone body is resilient. (AC +4)
You are immune to poison.
You resist negative energy. (rN+)
You are resistant to electric shocks. (rElec)
You are resistant to unholy torment.
You are immune to petrification.


   Skills:
 - Level 3.1 Fighting
 + Level 5.8 Ranged Weapons
 - Level 1.5 Dodging
 - Level 1.0 Spellcasting
 - Level 2.6 Hexes


You had 6 spell levels left.
You knew the following spells:

 Your Spells              Type           Power      Damage    Failure   Level
a - Slow                  Hex            28%        N/A       12%         1

Your spell library contained the following spells:

 Spells                   Type           Power      Damage    Failure   Level
 Inner Flame              Hex/Fire       4%         N/A       52%         3
 Portal Projectile        Hex/Tloc       8%         N/A       52%         3
 Cause Fear               Hex            3%         N/A       75%         4

Inventory:

Hand Weapons
 Y - a +1 sling (weapon)
Armour
 b - a +0 ring mail
 c - a +0 cloak
 f - a +0 leather armour (worn)
Jewellery
 g - a +6 ring of strength
Scrolls
 h - a scroll of silence {unknown}
Potions
 a - a potion of curing {unknown}
 d - a potion of experience {unknown}
 e - a potion of brilliance {unknown}

Dungeon Overview and Level Annotations

Branches:
Dungeon (3/15)

Altars:

Shops:
D:3 [


Message History

The sling bullet hits the orc but does no damage.
The orc closely misses you. Something hits you.
Something hits you but does no damage. The orc closely misses you.
You shoot a sling bullet.
The sling bullet closely misses the orc.
Something hits you but does no damage. The orc closely misses you.
You shoot a sling bullet.
The sling bullet closely misses the orc.
Something hits you but does no damage. The orc hits you with a +0 hand axe.
You shoot a sling bullet. The sling bullet hits the orc.
The orc is lightly wounded.
Something hits you. The orc barely misses you.
You shoot a sling bullet. The sling bullet hits the orc.
The orc is moderately wounded.
Something hits you but does no damage. The orc hits you but does no damage.
You shoot a sling bullet.
The sling bullet closely misses the orc.
Something hits you but does no damage. The orc hits you with a +0 hand axe.
You shoot a sling bullet.
The sling bullet hits the orc but does no damage.
The orc is moderately wounded.
Something hits you but does no damage. The orc barely misses you.
You shoot a sling bullet.
The sling bullet hits the orc but does no damage.
The orc is moderately wounded.
Something hits you but does no damage. The orc closely misses you.
Something hits you but does no damage. The orc hits you with a +0 hand axe.
You shoot a sling bullet.
The sling bullet closely misses the orc.
Something hits you but does no damage. The orc hits you but does no damage.
You shoot a sling bullet. The sling bullet hits the orc!
You kill the orc!
Something hits you but does no damage.
You shoot a sling bullet.
The sling bullet closely misses the orc.
The orc closely misses you.
You hear some strange, mumbled words.
A puff of flame appears from out of thin air!
The puff of flame hits you!
You die...

#...# #...#
##########...#
#............####
+................ .
#............#### ...
#............#
.....###............# #
#..?{o@.....###########
#....{#####.# #..
#....o #.# #.# #.=##.
#.# #.# #. .# #.#
####.# .. . #.#
###....# # #. #.#
#[..#### #. #.# #.###
#.####.######


You could see 2 orcs.

Vanquished Creatures
  Sigmund (D:2)
  Jessica (D:2)
  A gnoll (D:1)
  5 adders (D:2)
  2 dart slugs
  2 orcs (D:3)
  5 endoplasms
  2 giant cockroaches
  6 goblins
  5 hobgoblins
  4 kobolds
  3 quokkas
  5 ball pythons
  6 bats
  4 frilled lizards
  6 rats (D:1)
  A spectral goblin (D:1)
59 creatures vanquished.

Notes
Turn   | Place    | Note
-------+----------+-------------------------------------------
     0 | D:1      | qw the Gargoyle Hexslinger began the quest for the Orb.
     0 | D:1      | Reached XP level 1. HP: 12/12 MP: 2/2
     0 | D:1      | 0 ||| qw: Version: 0.3-a-51-g015441d
     0 | D:1      | 0 ||| qw: Game counter: 4482
     0 | D:1      | 0 ||| qw: Melee chars always use a shield: true
     0 | D:1      | 0 ||| qw: God list: Okawaru
     0 | D:1      | 0 ||| qw: Allow faded altars: false
     0 | D:1      | 0 ||| qw: Do Orc after clearing Dungeon:15 true
     0 | D:1      | 0 ||| qw: Do second Lair branch before Depths: true
     0 | D:1      | 0 ||| qw: Lair rune preference: random
     0 | D:1      | 0 ||| qw: Goals: Normal
     0 | D:1      | 0 ||| PLANNING D:1-11
   104 | D:1      | Reached XP level 2. HP: 16/16 MP: 3/3
   131 | D:1      | Reached skill level 3 in Ranged Weapons
   170 | D:1      | Found a faded altar of an unknown god.
   244 | D:1      | Reached XP level 3. HP: 20/20 MP: 4/4
   429 | D:1      | 429 ||| FLEEEEING.
   662 | D:1      | 662 ||| UPGRADING to +0 leather armour.
   672 | D:1      | 672 ||| DROPPING +0 robe.
   673 | D:1      | 673 ||| READING scroll labelled DERIBIG MAC.
   674 | D:1      | 674 ||| DROPPING scroll of poison.
   738 | D:2      | Noticed Sigmund
   741 | D:2      | 741 ||| FLEEEEING.
   752 | D:2      | HP: 5/21 [Sigmund/+0 scythe (10)]
   758 | D:2      | Killed Sigmund
   759 | D:2      | Reached skill level 5 in Ranged Weapons
   759 | D:2      | Reached XP level 4. HP: 8/26 MP: 5/5
   759 | D:2      | Reached XP level 5. HP: 10/30 MP: 6/6
   783 | D:2      | 783 ||| FLEEEEING.
   784 | D:2      | 784 ||| FLEEEEING.
   785 | D:2      | 785 ||| FLEEEEING.
   786 | D:2      | 786 ||| FLEEEEING.
   787 | D:2      | 787 ||| FLEEEEING.
   788 | D:2      | 788 ||| FLEEEEING.
   789 | D:2      | 789 ||| FLEEEEING.
   790 | D:2      | 790 ||| FLEEEEING.
   791 | D:2      | 791 ||| FLEEEEING.
   792 | D:2      | 792 ||| FLEEEEING.
   793 | D:2      | 793 ||| STAIRDANCE
  1080 | D:2      | Noticed Jessica
  1088 | D:2      | Killed Jessica
  1089 | D:2      | Reached skill level 3 in Fighting
  1089 | D:2      | Reached XP level 6. HP: 28/37 MP: 7/7
  1591 | D:2      | 1591 ||| READING scroll labelled QOUK RUENG.
  1660 | D:3      | Found Olesm's Armour Shoppe.
  1672 | D:3      | 1672 ||| BUYING +0 cloak (58 gold).
  1672 | D:3      | Bought a +0 cloak for 58 gold pieces
  1672 | D:3      | 1672 ||| SHOPLISTING +0 helmet (58 gold, have 8).
  1672 | D:3      | 1672 ||| SHOPLISTING +1 cloak of Trial and Error {rN+ Dex+3
                  | Slay+3} (514 gold, have 8).
  1726 | D:3      | HP: 9/37 [orc/+0 hand axe (6)]
  1729 | D:3      | Killed from afar by an orc wizard

Levels and vault maps discovered:
D:1:      scummos_arrival_gate, layout_loops_cross,
          dreamdust_ecumenical_altar_drowned_temple
D:2:      layout_loops_ring, grunt_ministairs_9, uniq_sigmund, uniq_jessica
D:3:      layout_basic, amcnicky_altar_gilded, serial_shops,
          nicolae_shop_scrapyard

Skill      XL: |  1  2  3  4  5 |
---------------+----------------+-----
Ranged Weapons | 3 5 |  5.8
Fighting       | 2 3 |  3.1
Dodging        | |  1.5
Spellcasting   | |  1.0
Hexes          | |  2.6

Action                     |  1- 3 |  4- 6 || total
---------------------------+-------+-------++-------
   Fire: Sling             |    91 |   129 ||   220
    Use: Scroll            |     1 |     1 ||     2
 Armour: Robe              |     7 |       ||     7
         Leather armour    |     3 |    57 ||    60
  Dodge: Dodged            |    28 |    44 ||    72

Table legend:
 A = Non-vault XP
 B = Vault XP
 C = Vault XP percentage of total XP
 D = Non-vault monster count
 E = Vault monster count
 F = Vault count percentage of total count
                 A         B        C        D         E       F
            +---------+---------+-------+---------+---------+-------
      Total |     161 |     264 |  62.1 |      54 |       5 |   8.5
            +---------+---------+-------+---------+---------+-------
        D:1 |      53 |       1 |   1.9 |      27 |       1 |   3.6
        D:2 |      98 |     263 |  72.9 |      23 |       4 |  14.8
        D:3 |      10 |       0 |   0.0 |       4 |       0 |   0.0
            +---------+---------+-------+---------+---------+-------
